 Dungeon Sprint DCSS version 0.17.2-1-ge4368a0 (webtiles) character file.

436 mopl the Unseen (level 6, -3/30 HPs)
             Began as a Spriggan Assassin on Aug 23, 2016.
             Was a Follower of Trog.
             Slain by a wandering mushroom (7 damage)
             ... in the Dungeon (Sprint IV: "Fedhas' Mad Dash").
             The game lasted 00:01:43 (470 turns).

mopl the Unseen (Spriggan Assassin)                  Turns: 470, Time: 00:01:43

Health: -3/30      AC:  4    Str:  7    XL:     6   Next: 68%
Magic:  9/13       EV: 17    Int: 12    God:    Trog [*.....]
Gold:   79         SH:  0    Dex: 20    Spells: 0 memorised, 5 levels left

rFire  . . .     SeeInvis +     a - +2 dagger
rCold  . . .     Clarity  .     c - +0 robe
rNeg   . . .     SustAt   .     (shield restricted)
rPois  .         Gourm    .     (helmet restricted)
rElec  .         Spirit   .     n - +1 cloak
rCorr  .         Warding  .     (gloves unavailable)
rMut   .         NoTele   +     (boots unavailable)
MR     +....                    (no amulet)
Stlth  +++.......               (no ring)
                                l - ring of invisibility

@: confused, lethally poisoned (-3 -> -11), exhausted, very slightly
contaminated, slowed, invisible, quick, somewhat resistant to hostile
enchantments, fairly stealthy
A: unfitting armour, see invisible, herbivore 3, speed 3, slow metabolism 2
a: Berserk, Burn Spellbooks, Renounce Religion, Turn Visible


You were in the Dungeon.
You worshipped Trog.
Trog was aware of your devotion.
You were not hungry.

You visited 1 branch You collected 79 gold pieces.

Inventory:

Hand Weapons
 a - a +2 dagger (weapon)
 b - a +0 blowgun
Missiles
 e - 7 poisoned needles
 f - 2 curare-tipped needles
Armour
 c - a +0 robe (worn)
 d - a +0 cloak
 n - a +1 cloak (worn)
Jewellery
 l - a ring of invisibility (left hand)
Scrolls
 m - a scroll of blinking
Potions
 h - a potion of curing
 i - a potion of heal wounds
 j - a potion of haste
 k - 2 potions of magic
Comestibles
 g - a bread ration


   Skills:
 + Level 1.5 Fighting
 + Level 2.1 Short Blades
 + Level 7.8 Throwing
 - Level 1.5 Dodging
 * Level 16.2 Stealth
 + Level 8.0 Evocations


You had 5 spell levels left.
You didn't know any spells.

Dungeon Overview and Level Annotations

Branches:
Dungeon (1/1)

Altars:
Cheibriados
Dithmenos
Elyvilon
Gozag
Kikubaaqudgha
Makhleb
Nemelex Xobeh
Okawaru
Qazlal
Ru
Sif Muna
Trog
Vehumet
Xom
Yredelemnul
Zin
The Shining One
Beogh
Jiyva
Lugonu

Shops:
D [(


Innate Abilities, Weirdness & Mutations

You are tiny and cannot use many weapons and most armour.
You have supernaturally acute eyesight.
You are a herbivore.
You cover ground extremely quickly.
You need consume almost no food.


Message History

The wandering mushroom is lightly damaged.
The scorpion stings you!
* * * LOW HITPOINT WARNING * * *
You are lethally poisoned!
The scorpion poisons you!
The wandering mushroom barely misses you.
The wandering mushroom closely misses you.
* * * LOW HITPOINT WARNING * * *
You feel sick.
Unknown command.
You feel a strong urge to attack something.
You see here a scroll of blinking.
You're too confused to move!
You are no longer berserk.
You are exhausted.
You feel yourself slow down.
* * * LOW HITPOINT WARNING * * *
You feel sick. The scorpion closely misses you.
The wandering mushroom barely misses you.
The wandering mushroom releases spores at you!
You die...

###################
....⌠.#..'.))#....#
_._._.'..#...#.fs.+
._._._#..###'##.@?#
_._._.#..##∩∩.'..f#
....⌠.#############
#######


You could see 2 wandering mushrooms and a scorpion.

Vanquished Creatures
  A burning bush (D)
  A scorpion (D)
  3 oklob saplings (D)
  2 spriggans (D)
  A worker ant (D)
  A river rat (D)
  A rat (D)
10 creatures vanquished.

Notes
Turn   | Place    | Note
--------------------------------------------------------------
     0 | D        | mopl the Spriggan Assassin began the quest for the Orb.
     0 | D        | Reached XP level 1. HP: 10/10 MP: 2/2
    15 | D        | Reached skill level 6 in Stealth
    16 | D        | Reached skill level 3 in Throwing
    16 | D        | Reached skill level 8 in Stealth
    16 | D        | Reached XP level 2. HP: 8/14 MP: 3/3
   163 | D        | Noticed an oklob sapling
   166 | D        | Killed an oklob sapling
   166 | D        | Reached skill level 4 in Throwing
   166 | D        | Reached skill level 10 in Stealth
   166 | D        | Reached XP level 3. HP: 18/18 MP: 4/4
   167 | D        | Noticed a worker ant
   174 | D        | Killed a worker ant
   322 | D        | Found a snail-covered altar of Cheibriados.
   322 | D        | Found a glowing silver altar of Zin.
   322 | D        | Found a white marble altar of Elyvilon.
   323 | D        | Found a viscous altar of Jiyva.
   323 | D        | Found a radiant altar of Vehumet.
   323 | D        | Found a deep blue altar of Sif Muna.
   323 | D        | Found a burning altar of Makhleb.
   323 | D        | Found an ancient bone altar of Kikubaaqudgha.
   323 | D        | Found a bloodstained altar of Trog.
   323 | D        | Found a corrupted altar of Lugonu.
   323 | D        | Found a sacrificial altar of Ru.
   323 | D        | Noticed an oklob sapling priest
   324 | D        | Found a glowing golden altar of the Shining One.
   324 | D        | Found a sparkling altar of Nemelex Xobeh.
   325 | D        | Found a shadowy altar of Dithmenos.
   326 | D        | Found a shimmering altar of Xom.
   326 | D        | Found an iron altar of Okawaru.
   327 | D        | Found an opulent altar of Gozag.
   328 | D        | Became a worshipper of Trog the Wrathful
   329 | D        | Found a roughly hewn altar of Beogh.
   329 | D        | Found a basalt altar of Yredelemnul.
   330 | D        | Killed an oklob sapling priest
   330 | D        | Reached skill level 5 in Throwing
   330 | D        | Reached skill level 12 in Stealth
   330 | D        | Reached skill level 3 in Evocations
   330 | D        | Reached XP level 4. HP: 22/22 MP: 2/7
   331 | D        | Found a stormy altar of Qazlal.
   339 | D        | Noticed an oklob sapling wizard
   342 | D        | Killed an oklob sapling wizard
   342 | D        | Reached skill level 4 in Evocations
   342 | D        | Reached XP level 5. HP: 25/25 MP: 3/9
   362 | D        | Noticed a scorpion
   365 | D        | Reached skill level 6 in Throwing
   365 | D        | Reached skill level 13 in Stealth
   366 | D        | Killed a scorpion
   366 | D        | Reached * piety under Trog
   366 | D        | Reached skill level 14 in Stealth
   366 | D        | Reached skill level 5 in Evocations
   381 | D        | Found Kogimid's Antique Weapon Shop.
   381 | D        | Found Wol Geg's Armour Emporium.
   451 | D        | Noticed a burning bush
   451 | D        | Noticed a wandering mushroom
   452 | D        | Noticed a scorpion
   452 | D        | Noticed a wandering mushroom
   465 | D        | Killed a burning bush
   465 | D        | Reached skill level 7 in Throwing
   465 | D        | Reached skill level 16 in Stealth
   465 | D        | Reached skill level 8 in Evocations
   465 | D        | Reached XP level 6. HP: 30/30 MP: 9/13
   470 | D        | Slain by a wandering mushroom

Action                   |  1- 3 |  4- 6 || total
-------------------------+-------+-------++-------
Melee: Dagger            |    10 |    16 ||    26
 Fire: Blowgun           |     4 |       ||     4
Invok: Berserk           |       |     1 ||     1
 Abil: Evoke Invisibilit |     1 |     1 ||     2
  Use: Potion            |     1 |       ||     1
 Stab: Sleeping          |     1 |     4 ||     5
